 Dungeon Crawl Stone Soup version 0.26-a0-466-g989023bd0d (webtiles) character file.

Game seed: 3550176845490450264

9 nono the Sneak (level 2, -6/16 HPs)
             Began as a Vine Stalker Delver on July 29, 2020.
             Mangled by a bullfrog skeleton (7 damage)
             ... on level 5 of the Dungeon.
             The game lasted 00:00:55 (99 turns).

nono the Sneak (Vine Stalker Delver)                  Turns: 99, Time: 00:00:56

Health: -6/16      AC:  3    Str: 14    XL:     2   Next: 12%
Magic:  0/3        EV: 12    Int: 10    God:
Gold:   18         SH:  0    Dex: 15    Spells: 1/1 levels left

rFire    . . .     SeeInvis .   a - +0 mace
rCold    . . .     Faith    .   (no shield)
rNeg     . . .     Spirit   +   h - +0 leather armour (curse)
rPois    .         Reflect  .   (no helmet)
rElec    .         Harm     .   (no cloak)
rCorr    .                      (no gloves)
MR       .....                  (no boots)
Stlth    +++.......             (no amulet)
HPRegen  0.05/turn              (no ring)
MPRegen  0.08/turn              (no ring)

@: no status effects
A: fangs 2, magic shield, antimagic bite, no potion heal 3, rot immunity
a: no special abilities


You were on level 5 of the Dungeon.
You visited 1 branch of the dungeon, and saw 1 of its levels.

You collected 18 gold pieces.

Inventory:

Hand Weapons
 a - a +0 mace (weapon)
Armour
 b - a +0 leather armour
 h - a cursed +0 leather armour (worn)
Wands
 g - a wand of digging (3)
Scrolls
 c - a scroll of fog
 d - a scroll of magic mapping
 e - a scroll of fear
Potions
 f - a potion of haste


   Skills:
 + Level 2.7 Fighting
 + Level 1.8 Maces & Flails
 + Level 1.5 Dodging
 + Level 6.4 Stealth


You had one spell level left.
You didn't know any spells.
Your spell library was empty.

Dungeon Overview and Level Annotations

Branches:
Dungeon (5/15)
 Temple: D:4-7

Altars:


Innate Abilities, Weirdness & Mutations

You have extremely sharp teeth.
When hurt, damage is shared between your health and your magic reserves.
Your bite disrupts and absorbs the magic of your enemies.
Potions cannot restore your health.
You are immune to rotting.


Message History

You drain its power.
The bullfrog skeleton is moderately damaged.
The bullfrog skeleton hits you but does no damage.
You hit the bullfrog skeleton.
The bullfrog skeleton is heavily damaged.
The bullfrog skeleton hits you! The bullfrog skeleton hits you.
You sock the bullfrog skeleton!
The bullfrog skeleton is severely damaged.
The bullfrog skeleton hits you. The bullfrog skeleton misses you.
Okay, then.
You hit the bullfrog skeleton but do no damage.
You bite the bullfrog skeleton. You drain its power.
You feel invigorated.
The bullfrog skeleton is severely damaged.
The bullfrog skeleton hits you.
* * * LOW HITPOINT WARNING * * *
The bullfrog skeleton hits you.
There is an escape hatch in the floor here.
The bullfrog skeleton completely misses you.
The bullfrog skeleton hits you!
You die...

#.# ≈≈≈ #.# .# ≈≈
#.. ..##.# #..
.....# ##### #.#
..#.## #.#.###.#
..#.# #.#..##.#
.##.# #.##.##.#
.##.########.##.##.#
.†.........#....@..#
####.#####.####Z####
####.# ##.####.#
.....# #.......#
###### #..##..###
#........#
#..#####.... #..
..## ##. .#


You could see a bullfrog skeleton.

Vanquished Creatures
  An adder (D:5)
1 creature vanquished.

Notes
Turn   | Place    | Note
-------+----------+-------------------------------------------
     0 | D:5      | nono the Vine Stalker Delver began the quest for the Orb.
     0 | D:5      | Reached XP level 1. HP: 11/11 MP: 2/2
    34 | D:5      | Reached XP level 2. HP: 16/16 MP: 3/3
    99 | D:5      | Mangled by a bullfrog skeleton

Illustrated notes

Levels and vault maps discovered:
D:5:      layout_loops_cross, minmay_temple_entry_poolview, serial_shops,
          shop_statue, minmay_misc_feat_rows

Action                   || total
-------------------------++-------
Melee: Mace              ||     6
       Bite              ||     3
Armor: Leather armour    ||     1
Dodge: Dodged            ||     3

Table legend: (Time is in decaauts)
 A = Elapsed time spent in this place.
 B = Non-inter-level travel time spent in this place.
 C = Inter-level travel time spent in this place.
 D = Time resting spent in this place.
 E = Time spent auto-exploring this place.
 F = Levels seen in this place.
 G = Mean time per level.
                   A        B        C        D        E       F      G
               +--------+--------+--------+--------+--------+-----+--------+
         Total |    100 |    100 |      0 |      0 |      6 |   1 |  100.0 |
       Dungeon |    100 |    100 |      0 |      0 |      6 |   1 |  100.0 |
               +--------+--------+--------+--------+--------+-----+--------+

Top non-repeatable levels by time:
     D:5: 100 daAuts
